AoeStats
← ska_18

Black Forest

507115856Analyzed
3v3 RM · 15d ago on Sep 16, 2026· 59m 51s· 6 players
Game mode
Random Map
Map size
Normal (6 player)
Population
200
Speed
Normal
Resources
Standard
Victory
Conquest
Starting age
Dark Age
Ending age
Imperial Age
RankedLock teamsTeams togetherTeam positionsShared explorationLock speedFull tech treeHidden civsTurbo modeCheats
Victory
Defeat
🇬🇧 Romans · United Kingdom
925
+10
🇦🇹 Saracens · Austria
873
+12
🇿🇦 Poles · South Africa
858
+13
🇩🇪 Teutons · Germany
839
-14
🇩🇪 Spanish · Germany
828
-13
🇩🇪 Bohemians · Germany
692
-12
CorpOSK
0:29 Loom
15:04 Feudal Age
23:41 Castle Age
21:35 Horse Collar
21:46 Double-Bit Axe
22:57 Scale Mail Armor
23:55 Horse Collar
28:29 Man-at-Arms
29:10 Squires
32:24 Wheelbarrow
33:15 Heavy Plow
33:30 Bow Saw
33:33 Pikeman
33:35 Long Swordsman
36:04 Chain Mail Armor
36:33 Stone Mining
36:39 Gold Mining
37:32 Forging
37:13 Fletching
37:34 Ballistas
38:44 Ballistics
38:35 Fortified Wall
38:37 Masonry
39:26 Iron Casting
39:59 Gold Shaft Mining
42:38 Imperial Age
39:56 Town Watch
41:40 Husbandry
41:51 Bloodlines
41:51 Scale Barding Armor
41:42 Bodkin Arrow
42:54 Onager
43:09 Heavy Scorpion
43:38 Capped Ram
44:40 Town Patrol
46:16 Conscription
46:24 Cavalier
47:57 Light Cavalry
50:29 Blast Furnace
50:17 Siege Ram
52:33 Chain Barding Armor
54:04 Plate Barding Armor
54:01 Halberdier
55:36 Caravan
55:56 Padded Archer Armor
ska_18
1:03 Loom
14:48 Feudal Age
22:08 Castle Age
20:49 Double-Bit Axe
20:46 Horse Collar
23:32 Town Watch
25:07 Wheelbarrow
26:05 Bow Saw
30:43 Fervor
32:09 Hand Cart
32:41 Sanctity
33:33 Forging
33:29 Scale Barding Armor
33:15 Fletching
33:23 Gold Mining
33:23 Stone Mining
33:35 Heavy Plow
34:24 Caravan
37:49 Imperial Age
35:59 Coinage
36:06 Gold Shaft Mining
37:51 Iron Casting
37:37 Chain Barding Armor
37:13 Bodkin Arrow
37:00 Treadmill Crane
37:31 Masonry
37:45 Town Patrol
39:33 Chemistry
38:29 Murder Holes
39:14 Conscription
40:19 Two-Man Saw
40:45 Blast Furnace
39:38 Elite Mameluke
41:31 Plate Barding Armor
41:34 Bloodlines
41:24 Husbandry
40:45 Light Cavalry
42:55 Fortified Wall
43:05 Bimaristan
44:51 Hoardings
45:12 Hussar
48:32 Banking
56:34 Bracer
56:43 Siege Engineers
56:59 Ballistics
58:43 Guard Tower
58:39 Arrowslits
Heli Jacob
0:27 Loom
aVoID
2:09 Loom
15:05 Feudal Age
15:32 Horse Collar
15:42 Double-Bit Axe
25:19 Castle Age
24:44 Gold Mining
26:33 Bow Saw
26:31 Heavy Plow
28:08 Wheelbarrow
27:58 Caravan
29:25 Fortified Wall
31:44 Stone Mining
33:17 Stone Shaft Mining
32:49 Town Watch
34:36 Hand Cart
36:03 Town Patrol
37:49 Husbandry
38:03 Bloodlines
41:01 Imperial Age
39:31 Murder Holes
39:57 Ballistics
39:45 Scale Barding Armor
39:51 Forging
39:42 Scale Mail Armor
39:42 Padded Archer Armor
39:33 Fletching
42:48 Chemistry
43:11 Conscription
43:57 Two-Man Saw
43:33 Chain Barding Armor
43:49 Iron Casting
43:29 Chain Mail Armor
43:30 Leather Archer Armor
43:10 Bodkin Arrow
42:51 Cavalier
45:33 Plate Barding Armor
45:17 Chain Mail Armor
45:18 Leather Archer Armor
44:58 Bodkin Arrow
46:10 Pikeman
46:50 Squires
46:37 Arson
47:00 Paladin
48:10 Halberdier
RayBay78
0:33 Loom
14:31 Feudal Age
17:39 Wheelbarrow
16:47 Horse Collar
16:54 Double-Bit Axe
24:14 Castle Age
22:09 Gold Mining
23:34 Stone Mining
25:08 Heavy Plow
25:28 Hand Cart
24:59 Town Watch
28:53 Stone Shaft Mining
36:10 Imperial Age
34:10 Ballistics
36:22 Fortified Wall
36:24 Masonry
39:15 Chemistry
40:07 Conscription
40:24 Hoardings
41:25 Crop Rotation
41:12 Bow Saw
40:48 Onager
40:53 Pikeman
42:43 Ironclad
43:29 Siege Engineers
43:53 Halberdier
44:33 Squires
44:19 Gambesons
46:05 Siege Onager
48:31 Siege Onager
50:30 Forging
50:11 Fletching
50:21 Scale Mail Armor
51:37 Cavalier
52:32 Siege Onager
55:33 Two-Man Saw
54:50 Chain Mail Armor
55:10 Iron Casting
54:31 Bodkin Arrow
55:37 Bloodlines
56:05 Scale Barding Armor
56:30 Plate Mail Armor
56:12 Town Patrol
57:50 Elite Skirmisher
Frank
13:38 Feudal Age
14:43 Horse Collar
14:53 Double-Bit Axe
15:47 Wheelbarrow
27:50 Castle Age
27:22 Padded Archer Armor
27:19 Fletching
27:40 Scale Mail Armor
29:36 Hand Cart
29:42 Bow Saw
29:35 Heavy Plow
29:54 Leather Archer Armor
34:47 Chemistry
34:41 Caravan
38:25 Masonry
38:19 Murder Holes
38:36 Fortified Wall
42:52 Imperial Age
41:06 Town Watch
41:37 Wagenburg Tactics
43:15 Town Patrol
43:54 Ballistics
43:54 Siege Engineers
44:32 Houfnice
Connection lost

Rejoining the realm…

Still unreachable

The connection could not be restored.

Session expired

The server has moved on; the page needs a fresh start.